 Dungeon Crawl Stone Soup version 0.28.0-43-g3370ac3207 (webtiles) character file.

Game seed: 3818061731803579133

214 croobank the Skirmisher (level 5, -1/47 HPs)
             Began as a Hill Orc Fighter on Mar 15, 2022.
             Slain by an orc warrior
             ... wielding a +1 vorpal trident
              (2 damage)
             ... on level 4 of the Dungeon.
             The game lasted 00:14:21 (3104 turns).

croobank the Skirmisher (Hill Orc Fighter)          Turns: 3104, Time: 00:14:51

Health: -1/47      AC: 13    Str: 21    XL:     5   Next: 91%
Magic:  5/5        EV:  9    Int:  8    God:
Gold:   68         SH:  4    Dex: 10    Spells: 4/4 levels left

rFire   + . .      SeeInvis .   a - +0 war axe
rCold   . . .      Faith    .   c - +0 buckler
rNeg    . . .      Spirit   .   b - +0 scale mail
rPois   .          Reflect  .   (no helmet)
rElec   .          Harm     .   x - +2 cloak
rCorr   .          Rampage  .   (no gloves)
Will    .....                   r - +2 pair of boots
Stlth   ..........              (no amulet)
HPRegen 0.15/turn               h - ring of protection from fire
MPRegen 0.09/turn               (no ring)

@: mighty
A: no striking features
a: no special abilities


You were on level 4 of the Dungeon.
You visited 1 branch of the dungeon, and saw 4 of its levels.

You collected 92 gold pieces.
You spent 24 gold pieces at shops.

Inventory:

Hand Weapons
 a - a +0 war axe (weapon)
 l - a +0 glaive
 v - a +0 vorpal halberd
Missiles
 f - 12 arrows
 m - 12 bolts
 n - 8 poisoned darts (quivered)
 o - 94 stones
 s - 3 silver boomerangs
 y - 17 sling bullets
Armour
 b - a +0 scale mail (worn)
 c - a +0 buckler (worn)
 r - a +2 pair of boots (worn)
 x - a +2 cloak (worn)
Jewellery
 h - a ring of protection from fire (left hand)
Scrolls
 g - a scroll of magic mapping {unknown}
 i - a scroll of fog {unknown}
 p - 2 scrolls of enchant weapon {unknown}
 u - 2 scrolls of teleportation {unknown}
 A - a scroll of blinking {unknown}
Potions
 d - a potion of might
 e - a potion of cancellation
 j - a potion of flight {unknown}
 k - 4 potions of curing
 q - a potion of haste {unknown}
 t - 2 potions of brilliance
 z - a potion of heal wounds {unknown}


   Skills:
 + Level 4.9 Fighting
 + Level 4.5 Axes
 + Level 4.5 Armour
 + Level 4.4 Shields


You had 4 spell levels left.
You didn't know any spells.
Your spell library contained the following spells:

 Spells                   Type           Power      Damage    Failure   Level
 Stone Arrow              Conj/Erth      0%         3d7       99%         3
 Animate Armour           Summ/Erth      0%         N/A       100%        4
 Olgreb's Toxic Radiance  Pois           0%         N/A       100%        4
 Ozocubu's Refrigeration  Ice            0%         4d5       100%        7
 Ignition                 Fire           0%         3d3       100%        8
 Lehudib's Crystal Spear  Conj/Erth      0%         10d2      100%        8


Dungeon Overview and Level Annotations

Branches:
Dungeon (4/15)
 Temple: D:4-7

Altars:
Hepliaklqana
Uskayaw
Xom

Shops:
D:2 *


Message History

The magic dart hits you!
Things that are here:
a +0 dagger; a scroll labelled WATRACL LYPSA; a goblin corpse You closely miss something.
Something hits you but does no damage.
You miss something.
Something hits you but does no damage. x2
The orc shouts!
You slash something! You block something's attack.
You miss something.
An orc warrior comes into view. It is wielding a +1 vorpal trident.
You block something's attack.
You miss something.
The orc warrior shouts!
You block something's attack. Something hits you but does no damage.
You hit something. You block something's attack.
You miss something. Something hits you but does no damage.
You closely miss something.
You hear some strange, mumbled words.
A magic dart appears from out of thin air!
The magic dart hits you!
You feel very mighty all of a sudden.
The orc warrior hits you from afar with a +1 vorpal trident!
* * * LOW HITPOINT WARNING * * *
You hear some strange, mumbled words.
A magic dart appears from out of thin air!
The magic dart hits you but does no damage.
The orc hits you with a +0 short sword.
* * * LOW HITPOINT WARNING * * *
The orc warrior barely misses you.
You closely miss the orc warrior. You completely miss something.
You closely miss the orc. Something hits you but does no damage.
The orc hits you but does no damage. The orc warrior closely misses you.
You block something's attack.
You hit something.
Reactivating autopickup.
You feel a bit more experienced.
You slash the orc!
You kill the orc!
You barely miss the orc warrior.
The orc warrior hits you with a +1 vorpal trident!
* * * LOW HITPOINT WARNING * * *
You die...

######### .
........# #####..
........# .......
........# .......
........##)......
........)@o......
........<#.......
.................
........##.......
........# .......
######### #######


You could see an orc warrior.

Vanquished Creatures
  A hound (D:4)
  An iguana (D:4)
  2 orc wizards
  4 gnolls
  3 adders (D:2)
  A worm (D:2)
  2 dart slugs
  4 orcs
  3 bats
  7 endoplasms
  5 goblins
  5 hobgoblins
  3 jackals (D:1)
  3 quokkas
  8 ball pythons
  2 frilled lizards (D:2)
  4 kobolds
  6 rats
64 creatures vanquished.

Vanquished Creatures (others)
  41 plants (D:1)
41 creatures vanquished.

Grand Total: 105 creatures vanquished

Notes
Turn   | Place    | Note
-------+----------+-------------------------------------------
     0 | D:1      | croobank the Hill Orc Fighter began the quest for the Orb.
     0 | D:1      | Reached XP level 1. HP: 19/19 MP: 1/1
   534 | D:1      | Reached XP level 2. HP: 27/27 MP: 2/2
   656 | D:1      | Reached XP level 3. HP: 32/33 MP: 3/3
  1340 | D:2      | Found Wuim's General Store.
  1377 | D:2      | Bought a scroll of identify for 24 gold pieces
  1404 | D:2      | You fall into a shaft and drop 2 floors!
  1409 | D:4      | Reached XP level 4. HP: 31/40 MP: 4/4
  1634 | D:2      | Reached XP level 5. HP: 39/47 MP: 5/5
  2881 | D:3      | Found a shimmering altar of Xom.
  2885 | D:3      | Found a hide-covered altar of Uskayaw.
  2890 | D:3      | Found a hazy altar of Hepliaklqana.
  3096 | D:4      | Noticed an orc warrior
  3104 | D:4      | HP: 1/47 [orc warrior/+1 vorpal trident (11)]
  3104 | D:4      | Slain by an orc warrior

Illustrated notes

Levels and vault maps discovered:
D:1:      roderic_crop_circles_arrival_small, layout_basic,
          kennysheep_decorative_pillar
D:2:      layout_basic, serial_shops, shop, hangedman_decor_points,
          dk_noncrumbling_3
D:3:      layout_rooms, grunt_temple_overflow_diamond, corexii_shack,
          chequers_avenue
D:4:      layout_rooms, serial_park_tiny_pond, uniq_crazy_yiuf_cottage

Skill      XL: |  1  2  3  4 |
---------------+-------------+-----
Axes           | 3 4 |  4.5
Fighting       | 4 |  4.9
Armour         | 4 |  4.5
Shields        | 4 |  4.4

Action                   |  1- 3 |  4- 6 || total
-------------------------+-------+-------++-------
Melee: War axe           |    65 |    99 ||   164
  Use: Scroll            |     2 |     3 ||     5
       Potion            |       |     1 ||     1
Armor: Scale mail        |    23 |    44 ||    67
Dodge: Dodged            |    23 |    45 ||    68
Block: Buckler           |    11 |    24 ||    35
